 Dungeon Crawl Stone Soup version 0.22-a0-253-gf9d0ce5 (webtiles) character file.

2606 MatthieuS the Gusty (level 9, -4/58 HPs)
             Began as a Tengu Air Elementalist on Mar 3, 2018.
             Was an Elder of Nemelex Xobeh.
             Killed by divine providence
             ... invoked by an orc priest
              (11 damage)
             ... on level 8 of the Dungeon.
             The game lasted 00:20:58 (7987 turns).

MatthieuS the Gusty (Tengu Air Elementalist)        Turns: 7987, Time: 00:20:59

Health: -4/58      AC:  7    Str:  9    XL:     9   Next: 59%
Magic:  17/19      EV: 18    Int: 18    God:    Nemelex Xobeh [****..]
Gold:   435        SH:  0    Dex: 15    Spells: 11/21 levels left

rFire    . . .     SeeInvis +   v - staff of cold
rCold    + + +     Gourm    .   (no shield)
rNeg     . . .     Faith    .   e - +1 robe of the Grue {rPois rC++}
rPois    +         Spirit   .   (helmet restricted)
rElec    .         Reflect  .   (no cloak)
rCorr    .         Harm     .   d - +2 pair of gloves
MR       .....                  (boots unavailable)
Stlth    +++.......             i - amulet of regeneration
HPRegen  0.59/turn              f - ring of stealth
MPRegen  0.16/turn              u - ring of see invisible

@: flying quickly and evasively, quick
A: beak, talons 3, rugged brown scales 1, robust 1, able to fly 1
a: Triple Draw, Deal Four, Renounce Religion


You were on level 8 of the Dungeon.
You worshipped Nemelex Xobeh.
Nemelex Xobeh was greatly pleased with you.
You were not hungry.

You visited 1 branch of the dungeon, and saw 8 of its levels.

You collected 500 gold pieces.
You spent 65 gold pieces at shops.

Inventory:

Armour
 d - a +2 pair of gloves (worn)
 e - the +1 robe of the Grue (worn) {rPois rC++}
   (You found it on level 7 of the Dungeon)

   It greatly protects you from cold.
   It protects you from poison.
Magical Staves
 v - an uncursed staff of cold (weapon)
Jewellery
 b - an uncursed ring of protection from magic {unknown}
 f - a ring of stealth (left hand)
 i - an amulet of regeneration (around neck)
 p - a +3 ring of protection {unknown}
 u - a ring of see invisible (right hand)
 B - an uncursed ring of poison resistance {unknown}
Scrolls
 j - 2 scrolls of blinking
 l - 4 scrolls of remove curse
 n - a scroll of fog
 q - 2 scrolls of teleportation
 x - 2 scrolls of enchant weapon {unknown}
 z - a scroll of immolation {unknown}
 C - a scroll of magic mapping {unknown}
Potions
 a - a potion of agility {unknown}
 g - 7 potions of curing
 h - 2 potions of heal wounds
 m - 3 potions of resistance
 o - a potion of flight {unknown}
 r - a potion of cancellation {unknown}
 s - a potion of berserk rage {unknown}
 w - a potion of mutation
 A - a potion of degeneration {unknown}
Miscellaneous
 k - an ornate deck of destruction {drawn: 3}
 y - a plain deck of destruction
Comestibles
 c - 17 rations
 t - 5 chunks of flesh


   Skills:
 + Level 4.5 Fighting
 + Level 5.6 Dodging
 - Level 2.0 Stealth
 * Level 6.5 Spellcasting
 + Level 6.3 Conjurations
 + Level 7.6 Air Magic
 + Level 4.0 Invocations


You had 11 spell levels left.
You knew the following spells:

 Your Spells              Type           Power        Failure   Level  Hunger
a - Shock                 Conj/Air       ####         1%          1    None
b - Swiftness             Chrm/Air       ###.....     3%          2    None
c - Static Discharge      Conj/Air       ####....     1%          3    ##.....
d - Airstrike             Air            ####......   4%          4    ####...


Dungeon Overview and Level Annotations

Branches:
Dungeon (8/15)             Temple (0/1) D:5
   Lair: D:8-11

Altars:
Cheibriados
Dithmenos
Hepliaklqana
Nemelex Xobeh
Qazlal
Trog
Xom

Shops:
D:5 !

Annotations:
D:2 1 runed door


Innate Abilities, Weirdness & Mutations

You have a beak for a mouth.
You have claws for feet.
You can fly.
You are partially covered in rugged brown scales. (AC +1, +3% HP)
You are robust. (+10% HP)


Message History

You feel much better. The orc warrior completely misses you.
You swoop lightly up into the air.
You feel very comfortable in the air.
You feel somewhat more hungry. The orc warrior completely misses you.
Evoke which item? (* to show all) (? for menu, Esc to quit)
You draw a card...
It is Wild Magic.
There is a sudden explosion of magical energy!
The explosion engulfs the orc warrior.
You feel a surge of magic.
You feel your power returning.
Evoke which item? (* to show all) (? for menu, Esc to quit)
You draw a card...
It is Pain.
You have drawn Pain.
Press: ? - help, Shift-Dir - straight line, f/p - orc warrior
Aim: an orc warrior, wielding a trident and wearing a plate armour (heavily wounded)
The orc warrior convulses!
The orc warrior hits you from afar with a trident!!
* * * LOW HITPOINT WARNING * * *
The orc priest calls down the wrath of Beogh upon you.
Beogh smites you!
You die...
Your body glows slightly and disappears.

##..#.### #.# #
...##.## #o# #
....#..# #o# #
....##.## #.# #####
....##..# #o# #....
....###.## #.# #....
....# #..# #.# #....
....#
##.####o########
#.... ....#
##..##..o.@....#
#.... ....#
#...##....##...##
#.... ....#
#....#....#8...8#
#.... ....#
#....#....##...##
#.... ....#
#....#....##...#
#.... ....#
####.#....##...##
#.... ....#
#....(.#⌠...8# #....
#.####
##.....##...####
###.### .....#
#.....##...##8###8#.#


You could see an orc warrior and an orc priest.

Vanquished Creatures
  A faun (D:8)
  A water moccasin (D:7)
  A black bear (D:7)
  3 ogres
  3 bullfrogs
  4 scorpions
  2 killer bees
  3 wights (D:7)
  A howler monkey (D:8)
  2 crimson imps
  A centaur zombie (D:7)
  4 jellies
  A centaur skeleton (D:7)
  A hound (D:7)
  A bullfrog skeleton (D:5)
  An orc priest (D:3)
  An iguana (D:8)
  3 orc wizards
  5 worker ants
  Terence (D:2)
  A hound skeleton (D:4)
  A worker ant zombie (D:6)
  10 adders
  2 shadow imps
  An ooze (D:7)
  2 adder skeletons
  3 worms
  4 dart slugs
  2 leopard geckos
  11 orcs
  9 bats
  3 giant cockroaches
  11 goblins
  6 hobgoblins (D:3)
  12 jackals
  11 kobolds
  3 quokkas
  A ball python (D:4)
  3 frilled lizards
  A jackal skeleton (D:4)
  A quokka zombie (D:5)
  3 rats
141 creatures vanquished.

Vanquished Creatures (collateral kills)
  A fire bat (D:6)
  A porcupine (D:6)
  A howler monkey (D:7)
  An orc priest (D:7)
4 creatures vanquished.

Vanquished Creatures (others)
  A scorpion (D:8)
  2 killer bees (D:8)
  A wight (D:7)
  A hound (D:8)
  A gnoll (D:8)
  An ooze (D:8)
  A dart slug (D:8)
  3 orcs
11 creatures vanquished.

Grand Total: 156 creatures vanquished

Notes
Turn   | Place    | Note
-------+----------+-------------------------------------------
     0 | D:1      | MatthieuS the Tengu Air Elementalist began the quest for the Orb.
     0 | D:1      | Reached XP level 1. HP: 10/10 MP: 4/4
   311 | D:1      | Reached XP level 2. HP: 15/15 MP: 0/6
   401 | D:1      | Learned a level 2 spell: Swiftness
   762 | D:1      | Reached XP level 3. HP: 13/20 MP: 0/7
   915 | D:1      | Learned a level 3 spell: Static Discharge
   957 | D:1      | Found a sparkling altar of Nemelex Xobeh.
   967 | D:1      | Became a worshipper of Nemelex Xobeh the Trickster
  1028 | D:1      | Received a gift from Nemelex Xobeh
  1410 | D:2      | Reached skill level 1 in Fighting
  1790 | D:2      | Reached XP level 4. HP: 20/25 MP: 0/9
  1870 | D:2      | Noticed Terence
  1891 | D:2      | Killed Terence
  2523 | D:2      | Found a runed door.
  2635 | D:3      | Reached * piety under Nemelex Xobeh
  2636 | D:3      | Gained mutation: You can fly. [Tengu growth]
  2636 | D:3      | Reached XP level 5. HP: 29/29 MP: 5/10
  2724 | D:3      | Found a stormy altar of Qazlal.
  2766 | D:3      | Reached skill level 1 in Invocations
  3102 | D:3      | Received a gift from Nemelex Xobeh
  3595 | D:4      | Reached skill level 5 in Air Magic
  3595 | D:4      | Reached XP level 6. HP: 35/35 MP: 2/12
  3792 | D:4      | Reached ** piety under Nemelex Xobeh
  3873 | D:4      | Reached XP level 7. HP: 36/40 MP: 0/14
  3892 | D:4      | Found a bloodstained altar of Trog.
  4538 | D:5      | Entered Level 5 of the Dungeon
  4553 | D:5      | Found a staircase to the Ecumenical Temple.
  4583 | D:5      | HP: 2/40 [acid (11)]
  4703 | D:5      | Received a gift from Nemelex Xobeh
  4768 | D:5      | Learned a level 4 spell: Airstrike
  5032 | D:5      | Found Wopseff's Distillery.
  5049 | D:5      | Bought a potion of heal wounds for 65 gold pieces
  5131 | D:5      | Received a gift from Nemelex Xobeh
  5306 | D:5      | Reached *** piety under Nemelex Xobeh
  5446 | D:5      | Found a snail-covered altar of Cheibriados.
  5777 | D:6      | Found a shadowy altar of Dithmenos.
  5794 | D:6      | Reached skill level 6 in Air Magic
  5794 | D:6      | Reached XP level 8. HP: 46/46 MP: 5/16
  5951 | D:6      | Found a shimmering altar of Xom.
  5998 | D:6      | Received a gift from Nemelex Xobeh
  6002 | D:6      | Reached skill level 5 in Spellcasting
  6583 | D:7      | Reached skill level 5 in Conjurations
  6724 | D:7      | Received a gift from Nemelex Xobeh
  6744 | D:7      | Noticed Pikel
  6747 | D:7      | Noticed a wyvern
  6747 | D:7      | a slave changed into a wyvern
  6747 | D:7      | Noticed Pikel
  6747 | D:7      | Pikel changed into Pikel the wyvern
  6752 | D:7      | Noticed Pikel
  6752 | D:7      | Pikel the wyvern changed into Pikel the worker ant
  6752 | D:7      | a wyvern changed into an ooze
  6755 | D:7      | Killed Pikel the worker ant
  6757 | D:7      | Gained mutation: You are partially covered in rugged brown scales. (AC +1, +3% HP) [potion of mutation]
  6757 | D:7      | Gained mutation: You are dopey. (Int -2) [potion of mutation]
  6757 | D:7      | Lost mutation: You are dopey. (Int -2) [potion of mutation]
  6757 | D:7      | Gained mutation: You are robust. (+10% HP) [potion of mutation]
  7134 | D:7      | Reached skill level 5 in Dodging
  7158 | D:7      | Got a warped robe
  7177 | D:7      | Identified the +1 robe of the Grue {rPois rC++} (You found it on level 7 of the Dungeon)
  7358 | D:8      | Noticed a two-headed ogre
  7364 | D:8      | Reached skill level 7 in Air Magic
  7364 | D:8      | Reached XP level 9. HP: 58/58 MP: 7/18
  7367 | D:8      | Noticed a faun
  7367 | D:8      | a two-headed ogre changed into a faun
  7371 | D:8      | Killed a faun
  7512 | D:8      | Received a gift from Nemelex Xobeh
  7619 | D:8      | Found a hazy altar of Hepliaklqana.
  7652 | D:8      | Reached **** piety under Nemelex Xobeh
  7987 | D:8      | Killed from afar by an orc priest

Vault maps used:
D:1:      scummos_arrival_hexagon, hangedman_feature_mirror,
          nemelex_xobeh_ov_fountains_minmay
D:2:      kb_forest_paths, minmay_misc_feat_rows, minivault_23,
          uniq_crazy_yiuf_cottage, uniq_terence
D:3:      corexii_shack_village, first_ration, minmay_misc_feat_tower,
          grunt_ministairs_2, nicolae_qazlal_general_emergency
D:4:      bloody_trog, portal_sewer_entry_e
D:5:      kennysheep_slug_shrine, minmay_temple_entry_overgrown, serial_shops,
          nicolae_shop_window_shopping
D:6:      grunt_dithmenos_smoke_and_mirrors, basic_altar
D:7:      uniq_pikel
D:8:      overflow_temple_1_default, serial_corexii_hall,
          corexii_hall_statues_l, corexii_hall_statues_x,
          hangedman_little_slice_of_home

Skill      XL: |  1  2  3  4  5  6  7  8  9 |
---------------+----------------------------+-----
Conjurations   | 2 3 4 5 6 |  6.3
Fighting       | 1 2 3 4 |  4.5
Spellcasting   | 3 4 5 6 |  6.5
Dodging        | 3 4 5 |  5.6
Invocations    | 1 2 3 4 |  4.0
Air Magic      | 5 6 7 |  7.6
Stealth        | |  2.0

Action                   |  1- 3 |  4- 6 |  7- 9 || total
-------------------------+-------+-------+-------++-------
Melee: Unarmed           |    27 |     8 |       ||    35
       Kick              |     7 |     3 |     6 ||    16
       Peck              |     2 |     4 |     3 ||     9
       Staff             |       |     1 |    27 ||    28
 Cast: Shock             |    63 |   110 |   202 ||   375
       Static Discharge  |       |     7 |    33 ||    40
       Airstrike         |       |       |     2 ||     2
 Abil: Fly               |       |       |     1 ||     1
Evoke: Deck              |       |       |    46 ||    46
  Use: Scroll            |     2 |       |     6 ||     8
       Potion            |       |       |     5 ||     5
  Eat: Chunk             |     3 |     8 |    15 ||    26
Armor: Robe              |    12 |       |     4 ||    16
       Leather armour    |     3 |    10 |    28 ||    41
       Skin              |       |       |    22 ||    22
Dodge: Dodged            |    38 |    19 |    85 ||   142

Table legend:
 A = Spawn XP
 B = Non-spawn XP
 C = Spawn XP percentage of total XP
 D = Spawn monster count
 E = Non-spawn monster count
 F = Spawn count percentage of total count
 G = Total turns spent on level
                    A         B        C        D         E        F      G
               +---------+---------+-------+---------+---------+-------+---------
         Total |       0 |    3723 |   0.0 |       0 |     152 |   0.0 |  7987
               +---------+---------+-------+---------+---------+-------+---------
           D:1 |       0 |      48 |   0.0 |       0 |      24 |   0.0 |  1374
           D:2 |       0 |     108 |   0.0 |       0 |      15 |   0.0 |  1185
           D:3 |       0 |     105 |   0.0 |       0 |      28 |   0.0 |  1014
           D:4 |       0 |     529 |   0.0 |       0 |      21 |   0.0 |   965
           D:5 |       0 |     253 |   0.0 |       0 |      15 |   0.0 |  1150
           D:6 |       0 |     647 |   0.0 |       0 |      12 |   0.0 |   883
           D:7 |       0 |     652 |   0.0 |       0 |      17 |   0.0 |   858
           D:8 |       0 |    1381 |   0.0 |       0 |      20 |   0.0 |   558
               +---------+---------+-------+---------+---------+-------+---------
